 Dungeon Crawl Stone Soup version 0.25-a0-317-g5f8687bca5 (webtiles) character file.

Game seed: 18074013506849925061, levelgen mode: classic

112 Borgoz the Covered (level 4, -1/28 HPs)
             Began as a Gargoyle Fighter on Dec 25, 2019.
             Slain by a gnoll
             ... wielding a +0 spear
              (6 damage)
             ... on level 2 of the Dungeon.
             The game lasted 00:01:32 (1699 turns).

Borgoz the Covered (Gargoyle Fighter)               Turns: 1699, Time: 00:01:33

Health: -1/28      AC: 11    Str: 20    XL:     4   Next: 93%
Magic:  4/4        EV:  8    Int:  8    God:
Gold:   53         SH:  9    Dex: 10    Spells: 3/3 levels left

rFire    . . .     SeeInvis .   a - +0 flail
rCold    . . .     Gourm    .   c - +0 shield
rNeg     + . .     Faith    .   b - +0 scale mail
rPois    ∞         Spirit   .   j - +0 helmet
rElec    +         Reflect  .   (no cloak)
rCorr    .         Harm     .   (no gloves)
MR       .....                  (no boots)
Stlth    ..........             (no amulet)
HPRegen  0.09/turn              (no ring)
MPRegen  0.09/turn              (no ring)

@: no status effects
A: negative energy resistance 1, electricity resistance, unbreathing,
petrification resistance, rot immunity, AC +3
a: no special abilities


You were on level 2 of the Dungeon.
You were not hungry.

You visited 1 branch of the dungeon, and saw 2 of its levels.

You collected 53 gold pieces.

Inventory:

Hand Weapons
 a - a +0 flail (weapon)
Armour
 b - a +0 scale mail (worn)
 c - a +0 shield (worn)
 j - a +0 helmet (worn)
Jewellery
 m - an uncursed ring of flight
Scrolls
 i - 3 scrolls of fear {unknown}
 k - a scroll of teleportation {unknown}
 l - 3 scrolls of identify {unknown}
 o - a scroll of amnesia {unknown}
Potions
 d - 2 potions of might
 e - a potion of curing
 h - a potion of lignification {unknown}
 n - 2 potions of flight {unknown}
Comestibles
 f - 6 rations
 g - 5 chunks of flesh


   Skills:
 - Level 3.2 Fighting
 * Level 3.7 Maces & Flails
 + Level 4.1 Armour
 + Level 1.5 Dodging
 - Level 3.2 Shields


You had 3 spell levels left.
You didn't know any spells.
Your spell library was empty.

Dungeon Overview and Level Annotations

Branches:
Dungeon (2/15)

Altars:
Kikubaaqudgha


Innate Abilities, Weirdness & Mutations

You are resistant to torment.
Your stone body is resilient. (AC +3)
You are immune to poison.
You resist negative energy. (rN+)
You are resistant to electric shocks. (rElec)
You can survive without breathing.
You are immune to petrification.
You are immune to rotting.


Message History

* * * LOW HITPOINT WARNING * * *
The adder closely misses you.
You barely miss the adder.
The adder is moderately wounded.
You block the adder's attack. The gnoll hits you but does no damage.
The adder bites you but does no damage.
You feel better.
The gnoll hits you from afar with a +0 spear.
You block the adder's attack.
You miss the adder.
The adder is moderately wounded.
The gnoll hits you but does no damage. The adder bites you but does no damage.
The gnoll hits you from afar with a +0 spear.
* * * LOW HITPOINT WARNING * * *
The adder bites you but does no damage.
You sock the adder!
You kill the adder!
You block the gnoll's attack. The gnoll hits you with a +0 spear.
You die...

+#.......# .#..#.#.#
#.#.##.#..
......######'# #..
#.#.##.#.. ......#
#. ### #.#.##.#..
.....÷#####...
#(#.##.##.
.#+#..÷.......
#.#.##.##.
.#.#.#........
#.#.##.##.
............######
#÷#.##.##.
..#########......#
#.#.##.##.
+.#.......#..###@#
#...##.##.
†.##.._..##..#...g.#
######.##.
.............###.#.#
#....
...P...........#.#.#
#####
.÷.P.###.....#.#.# #
#..PP.#P.......#.#
##....P....###.#..
##P.......#######
##.P.P.#........


You could see a gnoll.

Vanquished Creatures
  2 gnolls (D:2)
  4 adders (D:2)
  2 worms (D:2)
  3 dart slugs (D:1)
  A leopard gecko (D:1)
  5 giant cockroaches
  7 goblins
  4 hobgoblins
  3 jackals (D:2)
  A quokka (D:2)
  4 bats
  2 frilled lizards
  3 kobolds
  4 rats (D:1)
45 creatures vanquished.

Notes
Turn   | Place    | Note
-------+----------+-------------------------------------------
     0 | D:1      | Borgoz the Gargoyle Fighter began the quest for the Orb.
     0 | D:1      | Reached XP level 1. HP: 14/14 MP: 1/1
    61 | D:1      | Reached XP level 2. HP: 19/19 MP: 2/2
   586 | D:1      | Reached XP level 3. HP: 23/23 MP: 3/3
  1173 | D:2      | Reached skill level 1 in Dodging
  1385 | D:2      | Reached XP level 4. HP: 23/28 MP: 4/4
  1623 | D:2      | Reached skill level 4 in Armour
  1644 | D:2      | Found an ancient bone altar of Kikubaaqudgha.
  1699 | D:2      | Slain by a gnoll

Levels and vault maps discovered:
D:1:      tarquinn_simple_flora_water_d, layout_basic, st_stairs_3
D:2:      layout_basic, kiku_gazebo_garden_becter, minmay_circle_x, uniq_terence

Skill      XL: |  1  2  3  4 |
---------------+-------------+-----
Maces & Flails | 3 |  3.7
Dodging        | 1 |  1.5
Armour         | 4 |  4.1
Fighting       | |  3.2
Shields        | |  3.2

Action                   |  1- 3 |  4- 6 || total
-------------------------+-------+-------++-------
Melee: Flail             |   148 |    58 ||   206
  Use: Potion            |       |     1 ||     1
  Eat: Chunk             |     2 |     1 ||     3
Armor: Scale mail        |    85 |    33 ||   118
Dodge: Dodged            |    47 |    27 ||    74
Block: Shield            |    81 |    34 ||   115

Table legend:
 A = Non-vault XP
 B = Vault XP
 C = Vault XP percentage of total XP
 D = Non-vault monster count
 E = Vault monster count
 F = Vault count percentage of total count
                 A         B        C        D         E       F
            +---------+---------+-------+---------+---------+-------
      Total |     133 |      27 |  16.9 |      36 |       9 |  20.0
            +---------+---------+-------+---------+---------+-------
        D:1 |      43 |       3 |   6.5 |      22 |       2 |   8.3
        D:2 |      90 |      24 |  21.1 |      14 |       7 |  33.3
            +---------+---------+-------+---------+---------+-------
